 Dungeon Crawl Stone Soup version 0.26-a0-597-gb535b0901c (webtiles) character file.

Game seed: 8431412624249916446

1176 vurker the Chopper (level 8, -2/74 HPs)
             Began as a Palentonga Fighter on Sept 14, 2020.
             Was a Priest of Ru.
             Slain by a hornet (6 damage)
             ... on level 6 of the Dungeon.
             The game lasted 00:07:05 (5666 turns).

vurker the Chopper (Palentonga Fighter)             Turns: 5666, Time: 00:07:05

Health: -2/74      AC:  9    Str: 19    XL:     8   Next: 18%
Magic:  8/8        EV:  3    Int:  9    God:    Ru [***...]
Gold:   311        SH:  9    Dex: 10    Spells: 7/7 levels left

rFire    . . .     SeeInvis +   a - +0 war axe
rCold    . . .     Faith    .   c - +0 kite shield
rNeg     . . .     Spirit   .   g - +0 chain mail
rPois    .         Reflect  .   (no helmet)
rElec    .         Harm     .   i - +0 cloak
rCorr    .                      o - +0 pair of gloves
MR       .....                  (no barding)
Stlth    ..........             (no amulet)
HPRegen  0.22/turn              (no ring)
MPRegen  0.11/turn              (no ring)

@: lethally poisoned (-2 -> -13), exhausted, slowed, lightly drained, very slow
A: large, rugged brown scales 3, see invisible, deformed body, weak 1, inability
to use devices, roll, armoured tail
a: Rolling Charge, Draw Out Power, Renounce Religion


You were on level 6 of the Dungeon.
You worshipped Ru.
Ru was most pleased with you.
You visited 1 branch of the dungeon, and saw 6 of its levels.

You collected 311 gold pieces.

Inventory:

Hand Weapons
 a - a +0 war axe (weapon)
Armour
 c - a +0 kite shield (worn)
 g - a +0 chain mail (worn)
   (You found it on level 1 of the Dungeon)
 i - a +0 cloak (worn)
   (You found it on level 1 of the Dungeon)
 o - a +0 pair of gloves (worn)
   (You found it on level 2 of the Dungeon)
Jewellery
 t - an uncursed amulet of reflection {unknown}
   (You found it on level 5 of the Dungeon)
Scrolls
 h - 2 scrolls of remove curse
 j - 3 scrolls of identify
 p - 2 scrolls of teleportation
 r - a scroll of enchant armour {unknown}
 s - a scroll of magic mapping
Potions
 b - a potion of lignification
 d - 2 potions of might
 e - a potion of invisibility {unknown}
 f - a potion of stabbing {unknown}
 k - 2 potions of cancellation
 l - 7 potions of curing {unknown}
 m - a potion of flight
 n - 3 potions of heal wounds {unknown}
 q - 2 potions of haste


   Skills:
 + Level 5.7(5.3) Fighting
 * Level 7.1(6.8) Axes
 - Level 2.4(2.0) Armour
 + Level 4.7(4.4) Shields


You had 7 spell levels left.
You didn't know any spells.
Your spell library was empty.

Dungeon Overview and Level Annotations

Branches:
Dungeon (6/15)             Temple (0/1) D:4

Altars:
Dithmenos
Fedhas
Hepliaklqana
Kikubaaqudgha
Nemelex Xobeh
Ru
Yredelemnul


Innate Abilities, Weirdness & Mutations

You are completely covered in rugged brown scales. (AC +3, +7% HP)
You have supernaturally acute eyesight. (SInv)
Armour fits poorly on your strangely shaped body.
You are weak. (Str -2)
You cannot study or use magical devices.
You can roll at foes to attack.
You have a long armoured tail.


Message History

The gnoll shouts!
You block the hornet's attack. x2
You hit the hornet.
You feel yourself speed up.
You feel sick.
You redirect the hornet's attack!
The hornet stings the gnoll but does no damage.
The hornet stings you!
You feel yourself slow down.
You focus your will and blind the hornet in retribution!
You block the hornet's attack.
You are restored by drawing out deep reserves of power within.
You feel drained.
You feel sick. You block the hornet's attack.
The gnoll hits you from afar with a +0 halberd.
The hornet stings you but does no damage.
You slash the hornet!
Your tail-slap misses the hornet.
You feel sick.
The hornet is no longer blind.
The hornet stings you but does no damage.
The gnoll hits you but does no damage. You block the hornet's attack.
The gnoll hits you from afar with a +0 halberd!
You focus your will and blind the gnoll in retribution!
Your shield and chain mail prevent you from hitting the hornet.
The hornet stings you but does no damage.
The hornet stings you!
* * * LOW HITPOINT WARNING * * *
You are more poisoned.
You feel yourself slow down.
You closely miss the hornet.
You feel yourself speed up.
You feel sick. The hornet stings you.
* * * LOW HITPOINT WARNING * * *
You feel yourself slow down. The hornet barely misses you.
The hornet stings you.
* * * LOW HITPOINT WARNING * * *
You feel as though you will be slow longer.
You completely miss the hornet.
You feel sick. You block the hornet's attack. The hornet stings you.
* * * LOW HITPOINT WARNING * * *
You feel as though you will be slow longer.
The gnoll is stunned by your will and fails to attack.
The hornet stings you!
* * * LOW HITPOINT WARNING * * *
You are more poisoned.
You feel as though you will be slow longer.
Unknown command.
You hit the hornet.
* * * LOW HITPOINT WARNING * * *
You feel sick.
The gnoll is no longer blind.
You block the hornet's attack. The hornet stings you.
You die...

#######.#
#.# #.# #.#
#.###.#
#.#...#
#.....######
#.#........#
#.##.#####.#
#.##.# #.#
#.##.# #@#
#.##.# #y#
...#.# #g#
#. #. #g#
#g# #g# ..#
###


You could see a hornet and 4 gnolls.

Vanquished Creatures
  2 phantoms
  5 ogres
  2 bullfrog zombies (D:5)
  3 orc priests
  A hound (D:5)
  3 orc wizards
  2 worker ants
  3 gnolls
  10 adders
  A white imp (D:5)
  A worm (D:2)
  3 leopard geckos
  12 orcs
  7 bats
  A bat zombie (D:5)
  8 giant cockroaches
  15 goblins
  5 hobgoblins
  11 jackals
  10 kobolds
  4 quokkas
  A ball python (D:1)
  10 frilled lizards
  A jackal skeleton (D:4)
  2 leopard gecko skeletons
  7 rats
  4 rat zombies (D:5)
134 creatures vanquished.

Vanquished Creatures (others)
  An adder (D:3)
1 creature vanquished.

Grand Total: 135 creatures vanquished

Notes
Turn   | Place    | Note
-------+----------+-------------------------------------------
     0 | D:1      | vurker the Palentonga Fighter began the quest for the Orb.
     0 | D:1      | Reached XP level 1. HP: 20/20 MP: 1/1
   109 | D:1      | Reached XP level 2. HP: 12/27 MP: 2/2
   667 | D:2      | Reached skill level 3 in Axes
   667 | D:2      | Reached XP level 3. HP: 24/33 MP: 3/3
  1149 | D:2      | Reached XP level 4. HP: 40/40 MP: 4/4
  1400 | D:2      | Reached skill level 4 in Axes
  1400 | D:2      | Reached XP level 5. HP: 47/49 MP: 5/5
  1488 | D:2      | Found a sacrificial altar of Ru.
  1564 | D:2      | Became a worshipper of Ru the Awakened
  1886 | D:2      | Found a blossoming altar of Fedhas.
  2306 | D:3      | Found a shadowy altar of Dithmenos.
  2578 | D:3      | Reached XP level 6. HP: 41/55 MP: 6/6
  2764 | D:3      | Gained mutation: You cannot study or use magical devices.
                  | [Ru sacrifice]
  2764 | D:3      | Reached * piety under Ru
  2764 | D:3      | Reached ** piety under Ru
  2856 | D:2      | HP: 2/56 [poisoned by an orc wizard]
  3485 | D:4      | Found a basalt altar of Yredelemnul.
  3657 | D:4      | Reached skill level 5 in Axes
  3878 | D:4      | Reached XP level 7. HP: 34/64 MP: 7/7
  4057 | D:4      | Found a hazy altar of Hepliaklqana.
  4312 | D:4      | Found a sparkling altar of Nemelex Xobeh.
  4355 | D:4      | Found a staircase to the Ecumenical Temple.
  4670 | D:5      | Entered Level 5 of the Dungeon
  4701 | D:5      | Reached skill level 5 in Fighting
  4701 | D:5      | Reached skill level 6 in Axes
  4910 | D:5      | Found a basalt altar of Yredelemnul.
  4991 | D:5      | Found an ancient bone altar of Kikubaaqudgha.
  5239 | D:5      | Reached XP level 8. HP: 55/73 MP: 8/8
  5265 | D:5      | Reached skill level 7 in Axes
  5472 | D:5      | Gained mutation: You are weak. (Str -2) [Ru sacrifice]
  5472 | D:5      | Reached *** piety under Ru
  5652 | D:6      | Noticed a hornet
  5666 | D:6      | Slain by a hornet

Illustrated notes

Levels and vault maps discovered:
D:1:      scummos_arrival_gate, layout_rooms
D:2:      kennysheep_six_static_rooms, layout_basic, lemuel_round_altar,
          nicolae_ru_great_annihilating_truth, st_stairs_12
D:3:      layout_loops_ring, nicolae_overflow_crystal_walls
D:4:      kennysheep_the_goblin_king, layout_basic, marbit_many_paths,
          old_standard_altar, temple_green, yredelemnul_altar_generic
D:5:      layout_basic, lemuel_zombie_altar_kikubaaqudgha, basic_altar
D:6:      layout_loops_ring, lemuel_doored_altar,
          amethyst_overflow_temple_binary

Skill      XL: |  1  2  3  4  5  6  7  8 |
---------------+-------------------------+-----
Axes           | 3 4 5 6 7 |  7.1
Shields        | 3 4 |  4.7
Fighting       | 4 5 |  5.7
Armour         | |  2.4

Action                   |  1- 3 |  4- 6 |  7- 9 || total
-------------------------+-------+-------+-------++-------
Melee: War axe           |    78 |   206 |   126 ||   410
       Tailslap          |     4 |    14 |    13 ||    31
Invok: Sacrifice Artific |       |     1 |       ||     1
       Draw Out Power    |       |       |     1 ||     1
       Sacrifice Purity  |       |       |     1 ||     1
 Abil: Rolling Charge    |     1 |       |       ||     1
  Use: Scroll            |       |     8 |       ||     8
 Stab: Paralysed         |       |     1 |       ||     1
       Invisible         |       |       |     2 ||     2
Armor: Scale mail        |    11 |       |       ||    11
       Chain mail        |    36 |   145 |    63 ||   244
Dodge: Dodged            |     9 |    32 |    19 ||    60
Block: Kite shield       |    36 |   112 |    64 ||   212

Table legend: (Time is in decaauts)
 A = Elapsed time spent in this place.
 B = Non-inter-level travel time spent in this place.
 C = Inter-level travel time spent in this place.
 D = Time resting spent in this place.
 E = Time spent auto-exploring this place.
 F = Levels seen in this place.
 G = Mean time per level.
                   A        B        C        D        E       F      G
               +--------+--------+--------+--------+--------+-----+--------+
         Total |   5816 |   5714 |    102 |    575 |   4127 |   6 |  969.3 |
       Dungeon |   5816 |   5714 |    102 |    575 |   4127 |   6 |  969.3 |
               +--------+--------+--------+--------+--------+-----+--------+

Top non-repeatable levels by time:
     D:2: 1725 daAuts
     D:4: 1368 daAuts
     D:1: 969 daAuts
     D:3: 877 daAuts
     D:5: 776 daAuts
     D:6: 98 daAuts
